 Dungeon Crawl Stone Soup version 0.31.0-11-ge490571c62 (webtiles) character file.

Game seed: 12497930861912769151

40 qw the Shooter (level 3, 0/18 HPs)
             Began as a Spriggan Hunter on Feb 3, 2024.
             Slain by a goblin
             ... wielding a +0 dagger
             ... led by Robin
              (2 damage)
             ... on level 2 of the Dungeon.
             The game lasted 00:00:02 (957 turns).

qw the Shooter (Spriggan Hunter)                     Turns: 957, Time: 00:00:03

Health: 0/18       AC:  2    Str:  7    XL:     3   Next: 30%
Magic:  4/4        EV: 19    Int: 10    God:
Gold:   57         SH:  5    Dex: 20    Spells: 2/2 levels left

rFire   + . .        f - +1 shortbow (drain)
rCold   + . .        (shield currently unavailable)
rNeg    . . .        c - +0 robe
rPois   .            (helmet restricted)
rElec   .            (no cloak)
rCorr   .            (gloves unavailable)
SInv    +            (boots unavailable)
Will    .....        a - amulet of reflection
Stlth   ++           d - ring of protection from cold
HPRegen 0.23/turn    k - ring of protection from fire
MPRegen 0.09/turn

%: reflection
@: lethally poisoned (0 -> -7), very quick
A: very small, no large weapons, unfitting armour, see invisible, speed 3
a: no special abilities


You were on level 2 of the Dungeon.
You visited 1 branch of the dungeon, and saw 2 of its levels.

You collected 57 gold pieces.


Innate Abilities, Weirdness & Mutations

You are very small and have problems with some larger weapons.
You are too small for most types of armour.
You have supernaturally acute eyesight. (SInv)
You cover ground extremely quickly. (Speed+++)


   Skills:
 - Level 1.5 Fighting
 + Level 4.6 Ranged Weapons
 - Level 4.0 Dodging
 - Level 1.5 Stealth


You had 2 spell levels left.
You didn't know any spells.
Your spell library was empty.

Inventory:

Hand Weapons
 f - a +1 shortbow of draining (weapon)
Armour
 c - a +0 robe (worn)
Jewellery
 a - an amulet of reflection (around neck)
 d - a ring of protection from cold (left hand)
 k - a ring of protection from fire (right hand)
Potions
 e - a potion of mutation

Dungeon Overview and Level Annotations

Branches:
Dungeon (2/15)

Altars:
Okawaru

Annotations:
D:2 Robin, Sigmund


Message History

A jackal comes into view.
Robin throws the goblin at you!
A goblin comes into view. It is wielding a +0 club.
You shoot an arrow. The goblin shouts!
The arrow hits the jackal!
You kill the jackal!
A hobgoblin comes into view.
You block the goblin's attack. The goblin closely misses you.
A ball python comes into view.
The goblin barely misses you. Robin throws the goblin at you!
The goblin misses you.
Sigmund hits you from afar with a +2 heavy scythe.
You shoot an arrow. The arrow closely misses the goblin.
The goblin closely misses you. x2; You block the goblin's attack.
You shoot an arrow. The arrow barely misses the goblin.
The goblin misses you. The goblin hits you with a +0 dagger.
A goblin comes into view. It is wielding a +0 club.
The goblin completely misses you. The goblin hits you but does no damage.
The goblin misses you. Sigmund misses you.
You shoot an arrow. The arrow misses the goblin.
The goblin misses you. The goblin barely misses you.
The goblin closely misses you. The goblin misses you.
You shoot an arrow. The arrow hits the goblin!
You kill the goblin!
You block the goblin's attack. The jackal barely misses you.
Robin says, "Duck!"
Robin throws the goblin at you! The goblin hits you but does no damage.
The goblin misses you. The goblin barely misses you.
The goblin hits you with a +0 dagger of venom.
Sigmund misses you.
You shoot an arrow. The arrow completely misses the goblin.
The jackal bites you. The goblin completely misses you.
The goblin closely misses you. x2; The goblin barely misses you.
The goblin hits you with a +0 club. You block the jackal's attack.
The goblin barely misses you.
The goblin hits you with a +0 dagger of venom.
You are lethally poisoned!
The goblin completely misses you.
The goblin hits you with a +0 dagger. x2
You die...

#.#...... #.# ._..# #.#
....# ..> ...# . #.# ...
##.. #.#######.#
#.##....#
#....<..#.####ggS..###
...######.#....g@h@g..).
...........###gghg.#..
..........## .gg......
########..............
##.............
#.............
#.............
#............. ##.....


You could see Sigmund, Robin, 2 jackals, a hobgoblin (strong), 7 goblins and a
ball python.

Vanquished Creatures
  A dart slug (D:1)
  A ball python (D:1)
  3 endoplasms (D:1)
  A giant cockroach (D:1)
  5 goblins
  2 hobgoblins
  8 jackals
  4 kobolds (D:1)
  A quokka (D:1)
  A bat (D:1)
  A frilled lizard (D:2)
  3 rats (D:1)
31 creatures vanquished.

Notes
Turn   | Place    | Note
-------+----------+-------------------------------------------
     0 | D:1      | qw the Spriggan Hunter began the quest for the Orb.
     0 | D:1      | Reached XP level 1. HP: 10/10 MP: 2/2
     0 | D:1      | 0 ||| qw: Version: 0.3-a-155-g5e7d8dd
     0 | D:1      | 0 ||| qw: Game counter: 3518
     0 | D:1      | 0 ||| qw: Melee chars always use a shield: true
     0 | D:1      | 0 ||| qw: God list: Okawaru
     0 | D:1      | 0 ||| qw: Allow faded altars: false
     0 | D:1      | 0 ||| qw: Do Orc after clearing Dungeon:15 true
     0 | D:1      | 0 ||| qw: Do second Lair branch before Depths: true
     0 | D:1      | 0 ||| qw: Lair rune preference: random
     0 | D:1      | 0 ||| qw: Goals: Normal
     0 | D:1      | 0 ||| PLANNING D:1-11
    43 | D:1      | Found a faded altar of an unknown god.
    45 | D:1      | Reached skill level 3 in Dodging
   102 | D:1      | Reached XP level 2. HP: 9/14 MP: 3/3
   310 | D:1      | HP: 2/14 [kobold/+0 dagger (2)]
   546 | D:1      | Reached XP level 3. HP: 18/18 MP: 4/4
   869 | D:1      | 869 ||| UPGRADING to ring of protection from cold.
   870 | D:1      | 870 ||| UPGRADING to ring of protection from fire.
   871 | D:1      | 871 ||| READING scroll labelled RIUTZI OSSOE.
   905 | D:1      | 905 ||| READING 2 scrolls labelled EVADASILYO.
   906 | D:1      | 906 ||| READING scroll labelled CEPROE TACEJA.
   906 | D:1      | 906 ||| IDENTIFYING bubbling purple potion
   907 | D:1      | 907 ||| READING scroll labelled POYFFI VAJEF.
   907 | D:1      | 907 ||| ENCHANTING +0 shortbow.
   908 | D:1      | 908 ||| READING 2 scrolls labelled FAICHI CAURCHOF.
   908 | D:1      | Identified 2 scrolls of acquirement
   908 | D:1      | 908 ||| ACQUIRING +1 shortbow of draining
   908 | D:1      | Acquired a +1 shortbow of draining
   910 | D:1      | 910 ||| SWAPPING to +1 shortbow of draining.
   911 | D:1      | 911 ||| DROPPING +1 shortbow.
   912 | D:1      | 912 ||| READING scroll of acquirement.
   912 | D:1      | 912 ||| ACQUIRING amulet of reflection
   912 | D:1      | Acquired an amulet of reflection
   914 | D:1      | 914 ||| UPGRADING to amulet of reflection.
   919 | D:1      | 919 ||| DROPPING scroll of butterflies.
   920 | D:1      | 920 ||| DROPPING scroll of immolation.
   944 | D:2      | Found an iron altar of Okawaru.
   945 | D:2      | 945 ||| PLANNING OKAWARU WORSHIP
   947 | D:2      | Noticed Sigmund
   947 | D:2      | Noticed Robin
   957 | D:2      | HP: 2/18 [goblin/+0 dagger[Robin] (3)]
   957 | D:2      | Slain by a goblin

Levels and vault maps discovered:
D:1:      dpeg_arrival_tiny_a, layout_basic, basic_ecumenical_altar,
          dreamdust_mushroom_princess, serial_park_tiny_1
D:2:      layout_rooms, basic_altar, minmay_misc_feat_rows, uniq_natasha,
          uniq_robin, uniq_sigmund

Skill      XL: |  1  2 |
---------------+-------+-----
Dodging        | 3 4 |  4.0
Fighting       | |  1.5
Ranged Weapons | |  4.6
Stealth        | |  1.5

Action                     || total
---------------------------++-------
   Fire: Shortbow          ||    80
    Use: Scroll            ||     6
 Armour: Robe              ||    30
  Dodge: Dodged            ||    59
  Block: Other             ||     4

Table legend:
 A = Non-vault XP
 B = Vault XP
 C = Vault XP percentage of total XP
 D = Non-vault monster count
 E = Vault monster count
 F = Vault count percentage of total count
                 A         B        C        D         E       F
            +---------+---------+-------+---------+---------+-------
      Total |      52 |       6 |  10.3 |      28 |       3 |   9.7
            +---------+---------+-------+---------+---------+-------
        D:1 |      47 |       0 |   0.0 |      25 |       0 |   0.0
        D:2 |       5 |       6 |  54.5 |       3 |       3 |  50.0
            +---------+---------+-------+---------+---------+-------
